 Dungeon Crawl Stone Soup version 0.23-a0-183-gf37f6fb (webtiles) character file.

82 4thArraOfDagon the Slasher (level 4, 0/33 HPs)
             Began as a Mummy Warper on Sept 21, 2018.
             Killed from afar by an orc wizard (12 damage)
             ... with a puff of flame
             ... on level 6 of the Dungeon.
             The game lasted 00:03:52 (954 turns).

4thArraOfDagon the Slasher (Mummy Warper)            Turns: 954, Time: 00:03:53

Health: 0/33       AC:  5    Str: 14    XL:     4   Next: 21%
Magic:  8/8        EV: 10    Int: 13    God:
Gold:   133        SH:  0    Dex: 11    Spells: 6/8 levels left

rFire    x . .     SeeInvis .   a - +0 falchion
rCold    + . .     Gourm    .   (no shield)
rNeg     + + +     Faith    .   g - +0 ring mail
rPois    ∞         Spirit   .   (no helmet)
rElec    .         Reflect  .   (no cloak)
rCorr    .         Harm     .   (no gloves)
MR       .....                  (no boots)
Stlth    +.........             (no amulet)
HPRegen  0.11/turn              (no ring)
MPRegen  0.11/turn              (no ring)

@: very slightly contaminated
A: no food or potions, fire vulnerability, cold resistance 1, negative energy
resistance 3, torment resistance, unbreathing
a: no special abilities


You were on level 6 of the Dungeon.
You were not hungry.

You visited 1 branch of the dungeon, and saw 6 of its levels.

You collected 133 gold pieces.

Inventory:

Hand Weapons
 a - a +0 falchion (weapon)
Missiles
 e - 4 tomahawks of dispersal (quivered)
Armour
 b - a +0 leather armour
 g - a +0 ring mail (worn)
Wands
 i - a wand of flame (24)
Scrolls
 c - 2 scrolls of identify {unknown}
 d - a scroll of blinking
 f - 2 scrolls of remove curse {unknown}
 h - a scroll of amnesia {unknown}


   Skills:
 - Level 2.0 Fighting
 + Level 3.7 Long Blades
 - Level 0.7 Throwing
 - Level 0.7 Armour
 - Level 1.5 Dodging
 - Level 2.6 Spellcasting
 - Level 2.4 Translocations


You had 6 spell levels left.
You knew the following spells:

 Your Spells              Type           Power        Failure   Level  Hunger
a - Blink                 Tloc           N/A          26%         2    N/A

Your spell library contained the following spells:

 Spells                   Type           Power        Failure   Level  Hunger
 Shroud of Golubria       Chrm/Tloc      #.........   41%         2    N/A
 Gell's Gravitas          Tloc           #.........   47%         3    N/A
 Lesser Beckoning         Tloc           #.........   47%         3    N/A
 Teleport Other           Tloc           #.......     47%         3    N/A
 Passage of Golubria      Tloc           N/A          87%         4    N/A

Dungeon Overview and Level Annotations

Branches:
Dungeon (6/15)
 Temple: D:4-7

Altars:

Annotations:
D:3 3 runed doors, vogonpoet's ghost, amateur MfSu
D:4 Eustachio


Innate Abilities, Weirdness & Mutations

You do not eat or drink.
Your flesh is vulnerable to fire.
You are immune to poison.
Your flesh is cold resistant. (rC+)
You are immune to negative energy. (rN+++)
You are immune to unholy pain and torment.
You can survive without breathing.


Message History

Blink to where?
Press: ? - help, Dir - move target cursor You are very lightly contaminated with residual magic.
As you read the scroll of blinking, it crumbles to dust.
You slide downwards.
The hatch slams shut behind you.
A quokka, an orc warrior, a crimson imp and a skeleton come into view.
The orc warrior shouts!
The crimson imp shouts!
You hear a shout!
You hear an angry hiss.
You hear a croak.
Found five items.
Unknown command.
Unknown command.
The quokka bites you.
The crimson imp blinks!
Unknown command.
An orc wizard comes into view. It is wielding a dagger.
The orc wizard shouts!
You hear an angry hiss.
An adder comes into view.
The orc warrior closely misses you.
The orc wizard gestures at you while chanting.
The puff of flame hits you! The fire burns you terribly!
You die...

.. .# ###.#
...# #.. #
.### #S###.#
.....#.r%..#
#..(oZ#.....
#$###@# ##.
#..o..#
.....#...
.### #.###
#. .5 .. #.#


You could see an orc warrior, an orc wizard, a crimson imp, an adder, a quokka
and a jackal skeleton.

Vanquished Creatures
  A worker ant (D:4)
  An adder (D:3)
  An ooze (D:1)
  An adder skeleton (D:4)
  2 leopard geckos
  6 bats
  A giant cockroach (D:3)
  5 goblins
  4 hobgoblins
  2 jackals (D:1)
  8 kobolds
  2 ball pythons
  A frilled lizard (D:5)
  2 rats
37 creatures vanquished.

Notes
Turn   | Place    | Note
-------+----------+-------------------------------------------
     0 | D:1      | 4thArraOfDagon the Mummy Warper began the quest for the
                  | Orb.
     0 | D:1      | Reached XP level 1. HP: 16/16 MP: 4/4
    67 | D:1      | Reached skill level 2 in Long Blades
   136 | D:1      | Reached XP level 2. HP: 18/22 MP: 5/5
   369 | D:2      | Learned a level 2 spell: Blink
   490 | D:3      | Reached XP level 3. HP: 26/27 MP: 7/7
   511 | D:3      | Reached skill level 3 in Long Blades
   523 | D:3      | Found a runed gate.
   523 | D:3      | Noticed a big kobold
   525 | D:3      | Found a runed gate.
   525 | D:3      | Found a runed gate.
   525 | D:3      | Noticed a big kobold
   525 | D:3      | Noticed vogonpoet's ghost (amateur MfSu)
   775 | D:4      | Reached XP level 4. HP: 13/33 MP: 8/8
   883 | D:4      | Noticed Eustachio
   920 | D:5      | Entered Level 5 of the Dungeon
   929 | D:5      | Noticed a sky beast
   952 | D:6      | Noticed an orc warrior
   954 | D:6      | Killed from afar by an orc wizard

Vault maps used:
D:1:      sevenhm_arrival_forest_fort_small_4, minivault_11
D:3:      gammafunk_ghost_nasty_kobolds, uniq_sigmund
D:4:      first_ration, nemelex_spade_bored_becter, uniq_eustachio,
          uniq_crazy_yiuf_cottage
D:6:      hangedman_cross_stitches, elyvilon_altar_4,
          minmay_temple_entry_purple_smoke, serial_shops, shop

Skill      XL: |  1  2  3 |
---------------+----------+-----
Long Blades    | 2 3 |  3.7
Fighting       | |  2.0
Throwing       | |  0.7
Armour         | |  0.7
Dodging        | |  1.5
Spellcasting   | |  2.6
Translocations | |  2.4

Action                   |  1- 3 |  4- 6 || total
-------------------------+-------+-------++-------
Melee: Falchion          |   115 |    13 ||   128
Throw: Tomahawk          |     1 |       ||     1
  Use: Scroll            |       |     1 ||     1
Armor: Leather armour    |    13 |       ||    13
       Ring mail         |    40 |     9 ||    49
Dodge: Dodged            |    77 |     7 ||    84
       Rpst.: Falchion   |    24 |     2 ||    26

Table legend:
 A = Non-vault XP
 B = Vault XP
 C = Vault XP percentage of total XP
 D = Non-vault monster count
 E = Vault monster count
 F = Vault count percentage of total count
                 A         B        C        D         E       F
            +---------+---------+-------+---------+---------+-------
      Total |     118 |       0 |   0.0 |      37 |       0 |   0.0
            +---------+---------+-------+---------+---------+-------
        D:1 |      28 |       0 |   0.0 |      12 |       0 |   0.0
        D:2 |       8 |       0 |   0.0 |       5 |       0 |   0.0
        D:3 |      38 |       0 |   0.0 |      15 |       0 |   0.0
        D:4 |      43 |       0 |   0.0 |       4 |       0 |   0.0
        D:5 |       1 |       0 |   0.0 |       1 |       0 |   0.0
            +---------+---------+-------+---------+---------+-------
